 Dungeon Crawl Stone Soup version 0.24.0-123-gd5b16e6ec5 (webtiles) character file.

Game seed: 964311206455093822, levelgen mode: deterministic

1853 Norian the Thaumaturge (level 8, 0/43 HPs)
             Began as a Deep Elf Conjurer on Dec 18, 2019.
             Was an Elder of Vehumet.
             Shot with an arrow by a centaur (9 damage)
             ... on level 7 of the Dungeon.
             The game lasted 00:25:41 (6279 turns).

Norian the Thaumaturge (Deep Elf Conjurer)          Turns: 6279, Time: 00:25:41

Health: 0/43       AC:  3    Str:  7    XL:     8   Next: 89%
Magic:  19/24      EV: 14    Int: 21    God:    Vehumet [****..]
Gold:   380        SH:  0    Dex: 15    Spells: 10/28 levels left

rFire    . . .     SeeInvis .   (no weapon)
rCold    . . .     Gourm    .   (no shield)
rNeg     . . .     Faith    .   a - +0 robe
rPois    .         Spirit   .   n - +0 helmet
rElec    .         Reflect  .   (no cloak)
rCorr    .         Harm     .   (no gloves)
MR       .....                  (no boots)
Stlth    +++.......             (no amulet)
HPRegen  0.14/turn              m - ring of stealth
MPRegen  0.19/turn              (no ring)

@: no status effects
A: no striking features
a: Renounce Religion


You were on level 7 of the Dungeon.
You worshipped Vehumet.
Vehumet was greatly pleased with you.
You were hungry.

You visited 2 branches of the dungeon, and saw 8 of its levels.
You also visited: Sewer.

You collected 380 gold pieces.

Inventory:

Hand Weapons
 z - a +0 dagger
Armour
 a - a +0 robe (worn)
 n - a +0 helmet (worn)
 A - a +0 robe
Jewellery
 m - a ring of stealth (left hand)
 q - an uncursed ring of ice
Wands
 t - a wand of polymorph (6)
 v - a wand of acid (8)
 x - a wand of iceblast (11)
Scrolls
 b - a scroll of remove curse
 e - 4 scrolls of identify
 i - 2 scrolls of blinking
 j - a scroll of amnesia {unknown}
 o - a scroll of noise {unknown}
 s - a scroll of fear {unknown}
 u - a scroll of enchant armour {unknown}
 y - a scroll of vulnerability {unknown}
Potions
 d - a potion of haste {unknown}
 f - 6 potions of curing
 g - 2 potions of might {unknown}
 h - 4 potions of lignification {unknown}
 k - a potion of berserk rage {unknown}
 l - 3 potions of heal wounds
 p - a potion of flight {unknown}
 r - 2 potions of invisibility {unknown}
 w - a potion of agility {unknown}
Comestibles
 c - 11 rations


   Skills:
 - Level 1.2 Fighting
 - Level 1.1 Armour
 - Level 4.0 Dodging
 - Level 3.3 Stealth
 * Level 10.7 Spellcasting
 + Level 8.0 Conjurations
 - Level 4.0 Hexes
 + Level 1.8 Fire Magic


You had 10 spell levels left.
You knew the following spells:

 Your Spells              Type           Power        Failure   Level  Hunger
a - Magic Dart            Conj           ####         1%          1    None
b - Iskenderun's Mystic   Conj           #####...     1%          4    ##.....
c - Fulminant Prism       Conj/Hex       #####.....   1%          4    ##.....
d - Fireball              Conj/Fire      ####......   6%          5    ####...
e - Summon Ice Beast      Ice/Summ       ##......     52%         4    ##.....

Your spell library contained the following spells:

 Spells                   Type           Power        Failure   Level  Hunger
 Iskenderun's Battlesphe  Conj/Chrm      ####....     9%          5    ####...
 Flame Tongue             Conj/Fire      ####.        1%          1    None
 Freeze                   Ice            ##..         1%          1    None
 Searing Ray              Conj           #####.       1%          2    None
 Throw Flame              Conj/Fire      ####..       1%          2    None
 Throw Frost              Conj/Ice       ####..       1%          2    None
 Conjure Flame            Conj/Fire      ####....     1%          3    None
 Dazzling Spray           Conj/Hex       #####.       1%          3    None
 Inner Flame              Hex/Fire       ###.....     1%          3    None
 Sticky Flame             Conj/Fire      ####....     2%          4    ##.....
 Force Lance              Conj/Tloc      ####....     3%          4    ##.....
 Throw Icicle             Conj/Ice       ####....     3%          4    ##.....
 Ozocubu's Armour         Chrm/Ice       ##......     19%         3    None


Dungeon Overview and Level Annotations

Branches:
Dungeon (7/15)             Temple (1/1) D:4           Sewer (visited)

Altars:
Ashenzari
Elyvilon
Fedhas
Gozag
Hepliaklqana
Okawaru
Qazlal
Sif Muna
Vehumet
The Shining One

Shops:
D:4 *


Message History

The arrow hits you!
A centaur comes into view.
Casting: Magic Dart (safe; 1% risk of failure)
Confirm with . or Enter, or press ? or * to list all spells.
Aiming: Magic Dart (safe; 1% risk of failure)
Press: ? - help, Shift-Dir - straight line, f/p - bullfrog
Aim: a bullfrog (heavily wounded)
The magic dart hits the bullfrog.
The bullfrog is severely wounded.
The centaur shoots an arrow.
The arrow hits you!
The centaur shoots an arrow.
The arrow misses you.
The centaur wields a +0 shortbow.
The centaur shoots an arrow.
The arrow closely misses you.
The centaur shoots an arrow.
The arrow hits you!
* * * LOW HITPOINT WARNING * * *
The bullfrog barely misses you.
Unknown command.
An adder comes into view.
The adder hisses angrily.
The centaur shoots an arrow.
The arrow hits you!
You die...

.............##
..............#
..............#
.............### .
.##.............#..
..................%
.......((..........
.....$.F.@.<.......
.....%.............
................S..
.......[##.........
........#.(........
..................#
.........###cc...#.
.(....... #.....


You could see a bullfrog, 2 centaurs and an adder.

Vanquished Creatures
  A phantom (D:5)
  Duvessa (D:6)
  A sky beast (D:5)
  3 ogres
  A centaur (D:6)
  2 bullfrogs (Sewer)
  Dowan (D:6)
  2 scorpions
  A howler monkey (D:6)
  2 crimson imps
  2 orc wizards (D:5)
  A bullfrog skeleton (D:5)
  A gnoll shaman (D:4)
  5 hounds
  An orc priest (D:4)
  Jessica (D:2)
  2 iguanas
  6 worker ants
  A hound zombie (D:5)
  13 adders
  6 oozes (Sewer)
  4 adder skeletons
  4 worms
  A dart slug (D:1)
  18 leopard geckos
  12 orcs
  10 ball pythons
  6 bats
  14 giant cockroaches
  2 goblins
  11 hobgoblins
  23 jackals
  3 quokkas
  7 frilled lizards
  A goblin skeleton (D:4)
  3 hobgoblin zombies (D:4)
  9 kobolds
  A kobold zombie (D:4)
  A leopard gecko skeleton (D:4)
  An orc skeleton (D:4)
  2 quokka skeletons
  6 rats
193 creatures vanquished.

Vanquished Creatures (others)
  6 fulminant prisms
6 creatures vanquished.

Grand Total: 199 creatures vanquished

Notes
Turn   | Place    | Note
-------+----------+-------------------------------------------
     0 | D:1      | Norian the Deep Elf Conjurer began the quest for the Orb.
     0 | D:1      | Reached XP level 1. HP: 10/10 MP: 6/6
    77 | D:1      | Reached XP level 2. HP: 10/15 MP: 0/8
   431 | D:1      | Reached skill level 4 in Spellcasting
   461 | D:1      | Reached XP level 3. HP: 19/19 MP: 3/10
   463 | D:1      | Reached skill level 5 in Conjurations
   740 | D:2      | Noticed Jessica
   742 | D:2      | Killed Jessica
   749 | D:2      | Reached XP level 4. HP: 23/24 MP: 3/12
   821 | D:2      | Found a radiant altar of Vehumet.
   916 | D:2      | Found a shattered altar of Ashenzari.
  1008 | D:2      | Became a worshipper of Vehumet
  1136 | D:2      | Noticed an ogre
  1191 | D:1      | Learned a level 4 spell: Iskenderun's Mystic Blast
  1230 | D:2      | Reached skill level 5 in Spellcasting
  1271 | D:2      | Killed an ogre
  1271 | D:2      | Reached XP level 5. HP: 28/28 MP: 1/15
  1284 | D:2      | Learned a level 4 spell: Fulminant Prism
  1310 | D:2      | Found a white marble altar of Elyvilon.
  1699 | D:3      | Found a glowing drain.
  1700 | D:3      | Reached * piety under Vehumet
  1700 | D:3      | Offered knowledge of Sting by Vehumet.
  1788 | Sewer    | Entered a sewer
  1790 | Sewer    | Reached skill level 6 in Spellcasting
  2055 | Sewer    | Reached XP level 6. HP: 32/32 MP: 15/17
  2253 | Sewer    | Offered knowledge of Throw Frost by Vehumet.
  2259 | Sewer    | Reached ** piety under Vehumet
  2302 | Sewer    | Reached skill level 7 in Spellcasting
  2643 | D:3      | Found a faded altar of an unknown god.
  3218 | D:4      | Reached XP level 7. HP: 31/36 MP: 8/19
  3435 | D:4      | Reached skill level 1 in Hexes
  3446 | D:4      | Found a glowing golden altar of the Shining One.
  3507 | D:4      | Found a staircase to the Ecumenical Temple.
  3528 | Temple   | Entered the Ecumenical Temple
  3583 | D:4      | Reached skill level 1 in Armour
  3863 | D:4      | Reached skill level 8 in Spellcasting
  4014 | D:4      | Offered knowledge of Conjure Flame by Vehumet.
  4187 | D:4      | Found an opulent altar of Gozag.
  4191 | D:4      | Found Gozag's Platinum Reserve.
  4619 | D:4      | Reached *** piety under Vehumet
  4619 | D:4      | Reached skill level 1 in Fighting
  4704 | D:5      | Entered Level 5 of the Dungeon
  4872 | D:5      | Reached XP level 8. HP: 31/43 MP: 10/22
  4892 | D:5      | Found a stormy altar of Qazlal.
  5016 | D:5      | Offered knowledge of Airstrike by Vehumet.
  5016 | D:5      | Reached skill level 9 in Spellcasting
  5241 | D:5      | Found a shimmering blue altar of Sif Muna.
  5758 | D:6      | Noticed Duvessa
  5759 | D:6      | Noticed Dowan
  5766 | D:6      | Killed Duvessa
  5766 | D:6      | Reached skill level 10 in Spellcasting
  5772 | D:6      | Killed Dowan
  5781 | D:6      | Learned a level 5 spell: Fireball
  5865 | D:6      | Learned a level 4 spell: Summon Ice Beast
  5911 | D:6      | Reached skill level 1 in Fire Magic
  5918 | D:6      | Reached **** piety under Vehumet
  6223 | D:6      | Offered knowledge of Iskenderun's Battlesphere by Vehumet.
  6279 | D:7      | Shot with an arrow by a centaur

Levels and vault maps discovered:
D:1:      arrival_zaba_pyramid, layout_rooms, minmay_tree_intersection
D:2:      layout_loops_ring, ashenzari_altar_1, elyvilon_altar_5,
          vehumet_crystals, uniq_jessica
D:3:      layout_basic, chequers_ecumenical_altar_simple_redux,
          cheibrodos_sewer_entry_drain
D:4:      minmay_thinvault, layout_loops_ring, nicolae_tso_besieged_by_evil,
          minmay_temple_entry_junction, first_ration,
          nicolae_gozag_zags_fifth_avenue
D:5:      layout_loops_ring, led_sif_book, nicolae_qazlal_general_emergency
D:6:      layout_basic, uniq_duvessa
D:7:      layout_cave_pools, lemuel_coloured_pillars_altar,
          nicolae_ru_awakened_eye
Temple:   oiseaux_autumnal_temple

Skill      XL: |  1  2  3  4  5  6  7  8 |
---------------+-------------------------+-----
Spellcasting   | 4 5 6 7 8 10 | 10.7
Conjurations   | 5 6 7 8 |  8.0
Hexes          | 2 4 |  4.0
Stealth        | 3 |  3.3
Dodging        | 4 |  4.0
Armour         | 1 |  1.1
Fighting       | 1 |  1.2
Fire Magic     | 1 |  1.8

Action                   |  1- 3 |  4- 6 |  7- 9 || total
-------------------------+-------+-------+-------++-------
Melee: Unarmed           |       |     2 |       ||     2
 Cast: Magic Dart        |    56 |   196 |   253 ||   505
       Iskenderun's Myst |       |     5 |    28 ||    33
       Fulminant Prism   |       |       |     6 ||     6
  Use: Potion            |       |       |     1 ||     1
       Scroll            |       |       |     5 ||     5
  Eat: Chunk             |       |     7 |     8 ||    15
       Ration            |       |       |     1 ||     1
Armor: Robe              |       |     2 |    12 ||    14
Dodge: Dodged            |       |    23 |    64 ||    87
